 Dungeon Crawl Stone Soup version 0.21-a0-349-g0c35859 (webtiles) character file.

41 tidbits the Charmwright (level 3, -2/31 HPs)
             Began as a Gnoll Skald on Oct 8, 2017.
             Slain by a gnoll
             ... wielding a +0 club
              (3 damage)
             ... on level 3 of the Dungeon.
             The game lasted 00:03:48 (542 turns).

tidbits the Charmwright (Gnoll Skald)                Turns: 542, Time: 00:03:49

Health: -2/31      AC:  6    Str: 13    XL:     3   Next: 52%
Magic:  9/9        EV: 12    Int: 16    God:
Gold:   141        SH:  0    Dex: 14    Spells: 1/12 levels left

rFire    . . .     SeeInvis .   a - +0 hand axe
rCold    . . .     Gourm    .   (no shield)
rNeg     . . .     Faith    .   B - +0 ring mail
rPois    .         Spirit   .   (no helmet)
rElec    .         Reflect  .   C - +0 cloak
rCorr    .         Harm     .   (no gloves)
MR       .....                  (no boots)
Stlth    ..........             (no amulet)
HPRegen  0.10/turn              (no ring)
MPRegen  0.11/turn              (no ring)

@: confused
A: distributed training, fangs 1, strong nose
a: no special abilities


You were on level 3 of the Dungeon.
You were not hungry.

You visited 1 branch of the dungeon, and saw 3 of its levels.

You collected 141 gold pieces.

Inventory:

Hand Weapons
 a - a +0 hand axe (weapon)
 g - a +0 hunting sling
 k - a +0 flail
 q - a +0 quarterstaff
Missiles
 h - 39 sling bullets
Armour
 b - a +0 leather armour
 f - a +0 chain mail
 B - a +0 ring mail (worn)
 C - a +0 cloak (worn)
Scrolls
 e - a scroll of identify {unknown}
 i - a scroll of amnesia {unknown}
 l - a scroll of magic mapping {unknown}
Potions
 j - a potion of haste {unknown}
 m - a potion of brilliance {unknown}
 n - a potion of ambrosia
 o - a potion of heal wounds {unknown}
 p - a potion of flight {unknown}
Books
 c - a book of Battle

   Spells                             Type                      Level
   a - Infusion                       Charms                       1
   b - Shroud of Golubria             Charms/Translocation         2
   c - Song of Slaying                Charms                       2
   d - Spectral Weapon                Hexes/Charms                 3
   e - Regeneration                   Charms/Necromancy            3
Comestibles
 d - 3 bread rations


   Skills:
 + Level 4.5 Fighting
 + Level 0.8 Short Blades
 + Level 0.8 Long Blades
 + Level 4.5 Axes
 + Level 0.8 Maces & Flails
 + Level 0.8 Polearms
 + Level 0.8 Staves
 + Level 0.8 Slings
 + Level 0.8 Bows
 + Level 0.8 Crossbows
 + Level 0.8 Throwing
 + Level 2.6 Armour
 + Level 4.5 Dodging
 + Level 0.8 Stealth
 + Level 0.8 Shields
 + Level 0.8 Unarmed Combat
 + Level 5.0 Spellcasting
 + Level 0.8 Conjurations
 + Level 0.8 Hexes
 + Level 6.5 Charms
 + Level 0.8 Summonings
 + Level 0.8 Necromancy
 + Level 0.8 Translocations
 + Level 0.8 Transmutations
 + Level 0.8 Fire Magic
 + Level 0.8 Ice Magic
 + Level 0.8 Air Magic
 + Level 0.8 Earth Magic
 + Level 0.8 Poison Magic
 + Level 0.8 Invocations
 + Level 0.8 Evocations


You had one spell level left.
You knew the following spells:

 Your Spells              Type           Power        Failure   Level  Hunger
g - Shroud of Golubria    Chrm/Tloc      ###.......   11%         2    #......
i - Infusion              Chrm           ###.         1%          1    None
r - Regeneration          Chrm/Necr      ###.......   21%         3    ###....
w - Spectral Weapon       Hex/Chrm       ###.....     21%         3    ###....
y - Song of Slaying       Chrm           ###.....     3%          2    #......


Dungeon Overview and Level Annotations

Branches:
Dungeon (3/15)

Altars:

Annotations:
D:2 Sigmund


Innate Abilities, Weirdness & Mutations

Your experience applies equally to all skills.
You have very sharp teeth.
Your uncanny sense of smell can sniff out nearby items.


Message History

Found a green potion.
You hit the leopard gecko!
You kill the leopard gecko!
Your magical infusion is running out.
Your magical contamination has completely faded away.
The dart slug misses you.
You hit the dart slug!
The dart slug is severely wounded.
The dart slug bites you but does no damage.
You hit the dart slug.
You kill the dart slug!
You are no longer magically infusing your attacks.
You see here a purple potion.
p - a purple potion You see here a green potion.
n - 2 green potions (gained 1)
You open the door.
There is an open door here.
There is an open door here.
There is a stone staircase leading down here.
Casting: Spectral Weapon
Confirm with . or Enter, or press ? or * to list all spells.
Your skin crawls.
You climb downwards.
Level annotation: Sigmund
There is a stone staircase leading up here.
Casting: Regeneration
Confirm with . or Enter, or press ? or * to list all spells.
You draw out your weapon's spirit!
Sigmund gestures wildly while chanting.
Sigmund flickers and vanishes!
Your skin is crawling a little less now.
A magic dart appears from out of thin air!
The magic dart hits you!
There is a stone staircase leading up here.
Your skin stops crawling.
Your spectral weapon fades away.
There is a stone staircase leading down here.
You climb downwards.
There is a stone staircase leading up here.
Things that are here:
a falchion; an orc skeleton
Found a hunting sling.
Found a quarterstaff and a scale mail.
Found a stone staircase leading up.
You see here a quarterstaff.
q - a quarterstaff
There is a stone staircase leading up here.
You climb upwards.
Level annotation: Sigmund A frilled lizard comes into view.
The frilled lizard hisses angrily.
There is a stone staircase leading down here.
You climb downwards.
A frilled lizard comes into view.
There is a stone staircase leading up here.
A gnoll comes into view. It is wielding a whip of electrocution.
The gnoll shouts!
You hear a shout!
A gnoll comes into view. It is wielding a club.
The gnoll shouts!
The gnoll moves out of view.
A gnoll comes into view. It is wielding a flail.
The frilled lizard hisses angrily.
The gnoll shouts!
Found 28 sling bullets.
Found 6 gold pieces, a bread ration and 20 stones.
Casting: Spectral Weapon
Confirm with . or Enter, or press ? or * to list all spells.
You draw out your weapon's spirit!
The gnoll misses your spectral weapon.
You swap places.
The gnoll closely misses you.
Unknown command.
You hit the gnoll. You bite the gnoll, but do no damage.
The gnoll is lightly wounded.
You hit the gnoll but do no damage.
Your spectral weapon barely misses the gnoll.
The gnoll hits you but does no damage. The gnoll completely misses you.
You hit the gnoll but do no damage.
The gnoll is lightly wounded.
You hit the gnoll but do no damage. You hit the gnoll.
Your spectral weapon completely misses the gnoll.
The gnoll hits you but does no damage. x2
The gnoll hits you with a whip of electrocution.
You are electrocuted!
Ouch! That really hurt!
* * * LOW HITPOINT WARNING * * *
It was a potion of ambrosia.
You are confused.
You feel invigorated. The gnoll hits you with a flail.
* * * LOW HITPOINT WARNING * * *
The gnoll closely misses you. The gnoll hits you with a club.
* * * LOW HITPOINT WARNING * * *
Unknown command.
You hit the gnoll.
The gnoll is moderately wounded.
You barely miss the gnoll. You hit the gnoll but do no damage.
Your spectral weapon hits the gnoll.
Your spectral weapon hits the gnoll but does no damage.
The gnoll hits you with a whip of electrocution.
* * * LOW HITPOINT WARNING * * *
The gnoll barely misses you. The gnoll hits you with a club.
You die...

#.....[....#
#..........##
#...........## ####
#.....<...#..###...
##.......###..##.##
##.l...## ##)[..##
#.##### #.<.....
########.###
#..(....
#.....g@...#
#.......
#...$.gg...#
#.......
#%.....(...#
#.######
#.(........# #.
#..........# #.
#.....(....# ..
#...........
#...........#


You could see 3 gnolls, a frilled lizard and a friendly spectral hand axe.

Vanquished Creatures
  A worm (D:3)
  An adder skeleton (D:2)
  A dart slug (D:1)
  4 leopard geckos
  3 orcs (D:3)
  A bat (D:1)
  6 goblins
  2 hobgoblins
  A ball python skeleton (D:2)
  A kobold (D:2)
  3 rats
24 creatures vanquished.

Notes
Turn   | Place    | Note
-------+----------+-------------------------------------------
     0 | D:1      | tidbits the Gnoll Skald began the quest for the Orb.
     0 | D:1      | Reached XP level 1. HP: 20/20 MP: 6/6
   123 | D:2      | Reached XP level 2. HP: 23/26 MP: 4/7
   180 | D:2      | Learned a level 2 spell: Song of Slaying
   183 | D:2      | Learned a level 2 spell: Shroud of Golubria
   237 | D:2      | Noticed Sigmund
   278 | D:3      | Reached skill level 5 in Spellcasting
   278 | D:3      | Reached XP level 3. HP: 26/31 MP: 0/9
   289 | D:3      | Learned a level 3 spell: Regeneration
   293 | D:3      | Learned a level 3 spell: Spectral Weapon
   541 | D:3      | HP: 2/31 [gnoll/club (2)]
   542 | D:3      | Slain by a gnoll

Vault maps used:
D:1:      dpeg_arrival_oval
D:2:      serial_undead, serial_undead_b, serial_undead_e, serial_undead_b,
          serial_undead_e, uniq_sigmund
D:3:      doesnt_xom_only_xom, nicolae_overflow_crystal_walls, first_bread

Skill      XL: |  1  2 |
---------------+-------+-----
Spellcasting   | 5 |  5.0
Fighting       | |  4.5
Short Blades   | |  0.8
Long Blades    | |  0.8
Axes           | |  4.5
Maces & Flails | |  0.8
Polearms       | |  0.8
Staves         | |  0.8
Slings         | |  0.8
Bows           | |  0.8
Crossbows      | |  0.8
Throwing       | |  0.8
Armour         | |  2.6
Dodging        | |  4.5
Stealth        | |  0.8
Shields        | |  0.8
Unarmed Combat | |  0.8
Conjurations   | |  0.8
Hexes          | |  0.8
Charms         | |  6.5
Summonings     | |  0.8
Necromancy     | |  0.8
Translocations | |  0.8
Transmutations | |  0.8
Fire Magic     | |  0.8
Ice Magic      | |  0.8
Air Magic      | |  0.8
Earth Magic    | |  0.8
Poison Magic   | |  0.8
Invocations    | |  0.8
Evocations     | |  0.8

Action                   || total
-------------------------++-------
Melee: Hand axe          ||    51
       Bite              ||     4
 Cast: Infusion          ||     5
       Spectral Weapon   ||     5
       Regeneration      ||     1
  Use: Potion            ||     1
Armor: Leather armour    ||     2
       Ring mail         ||    13
Dodge: Dodged            ||    29

Table legend:
 A = Spawn XP
 B = Non-spawn XP
 C = Spawn XP percentage of total XP
 D = Spawn monster count
 E = Non-spawn monster count
 F = Spawn count percentage of total count
 G = Total turns spent on level
                    A         B        C        D         E        F      G
               +---------+---------+-------+---------+---------+-------+---------
         Total |       0 |      59 |   0.0 |       0 |      24 |   0.0 |   542
               +---------+---------+-------+---------+---------+-------+---------
           D:1 |       0 |      18 |   0.0 |       0 |       8 |   0.0 |   174
           D:2 |       0 |      19 |   0.0 |       0 |       9 |   0.0 |   283
           D:3 |       0 |      22 |   0.0 |       0 |       7 |   0.0 |    85
               +---------+---------+-------+---------+---------+-------+---------

Table legend:
 A = Turns spent in this place as a percentage of turns spent in the entire game.
 B = Non-inter-level travel turns spent in this place as a percentage of non-inter-level travel turns spent in the entire game.
 C = Inter-level travel turns spent in this place as a percentage of turns spent in this place.
 D = Turns resting spent in this place as a percentage of non-inter-level travel turns spent in this place.
 E = Turns spent auto-exploring this place as a percentage of non-inter-level travel turns spent in this place.
 F = Non-inter-level travel turns spent in this place divided by the number of levels of this place that you've seen.
                   A       B       C       D       E      F
               +-------+-------+-------+-------+-------+----------------------
         Total | 100.0 | 100.0 |   0.0 |   0.0 |   0.0 | 180.7
       Dungeon | 100.0 | 100.0 |   0.0 |   0.0 |   0.0 | 180.7
               +-------+-------+-------+-------+-------+----------------------

Table legend:
 A = Kills in this place as a percentage of kills in entire the game.
 B = Kills by you in this place as a percentage of kills by you in the entire game.
 C = Kills by friends in this place as a percentage of kills by friends in the entire game.
 D = Other kills in this place as a percentage of other kills in the entire game.
 E = Experience gained in this place as a percentage of experience gained in the entire game.
 F = Experience gained in this place divided by the number of levels of this place that you have seen.
                   A       B       C       D       E      F
               +-------+-------+-------+-------+-------+----------------------
         Total | 100.0 | 100.0 |   N/A |   N/A | 100.0 |  19.7
       Dungeon | 100.0 | 100.0 |   N/A |   N/A | 100.0 |  19.7
               +-------+-------+-------+-------+-------+----------------------

Vault maps used:
D:1:      dpeg_arrival_oval
D:2:      serial_undead, serial_undead_b, serial_undead_e, serial_undead_b,
          serial_undead_e, uniq_sigmund
D:3:      doesnt_xom_only_xom, nicolae_overflow_crystal_walls, first_bread
